 Dungeon Crawl Stone Soup version 0.31-a0-1074-g0b22e4e0f1 (webtiles) character file.

Game seed: 263730757292163447

197 horus123 the Digger (level 5, 0/38 HPs)
             Began as a Demigod Earth Elementalist on Dec 3, 2023.
             Slain by an orc priest
             ... wielding a +0 hand axe
              (5 damage)
             ... on level 3 of the Dungeon.
             The game lasted 00:04:49 (2767 turns).

horus123 the Digger (Demigod Earth Elementalist)    Turns: 2767, Time: 00:04:50

Health: 0/38       AC:  4    Str:  9    XL:     5   Next: 22%
Magic:  0/12       EV: 12    Int: 21    God:
Gold:   132        SH:  0    Dex: 14    Spells: 3/10 levels left

rFire   . . .        k - +1 rapier
rCold   . . .        (no shield)
rNeg    . . .        a - +0 robe
rPois   .            (no helmet)
rElec   .            (no cloak)
rCorr   .            e - +0 pair of gloves
SInv    .            m - +0 pair of boots
Will    .....        (no amulet)
Stlth   ++           (no ring)
HPRegen 0.26/turn    (no ring)
MPRegen 0.13/turn

%: no passive effects
@: very slightly contaminated
A: high MP 1, forlorn, divine attributes
a: no special abilities


You were on level 3 of the Dungeon.
You visited 1 branch of the dungeon, and saw 3 of its levels.

You collected 132 gold pieces.

Inventory:

Hand Weapons
 k - a +1 rapier (weapon)
Armour
 a - a +0 robe (worn)
 e - a +0 pair of gloves (worn)
 m - a +0 pair of boots (worn)
Wands
 b - a wand of flame (22)
Scrolls
 f - a scroll of enchant armour {unknown}
 i - a scroll of torment
 j - 3 scrolls of teleportation
 l - a scroll of revelation {unknown}
 n - 2 scrolls of noise
Potions
 c - 3 potions of brilliance {unknown}
 d - a potion of heal wounds {unknown}
 g - a potion of attraction {unknown}
 h - a potion of curing {unknown}


   Skills:
 - Level 1.7 Dodging
 - Level 1.7 Stealth
 - Level 3.0 Spellcasting
 - Level 3.0 Transmutations
 + Level 4.0 Earth Magic


You had 3 spell levels left.
You knew the following spells:

 Your Spells              Type           Power      Damage    Failure   Level
a - Sandblast             Erth           40%        2d10      2%          1
b - Stone Arrow           Conj/Erth      22%        3d8       17%         3
c - Sting                 Tmut/Pois      36%        1d4       7%          1
d - Poisonous Vapours     Pois/Air       6%         N/A       21%         2

Your spell library contained the following spells:

 Spells                   Type           Power      Damage    Failure   Level
 Passwall                 Tmut/Erth      14%        N/A       4%          2
 Inner Flame              Hex/Fire       3%         N/A       36%         3
 Ozocubu's Armour         Ice            3%         N/A       36%         3
 Petrify                  Tmut/Erth      17%        N/A       30%         4
 Brom's Barrelling Bould  Conj/Erth      11%        2d3       50%         4
 Flame Wave               Conj/Fire      3%         2d5       78%         4
 Olgreb's Toxic Radiance  Pois           3%         N/A       78%         4
 Sticky Flame             Conj/Fire      3%         2d3       78%         4
 Ozocubu's Refrigeration  Ice            1%         4d7       100%        7


Dungeon Overview and Level Annotations

Branches:
Dungeon (3/15)


Innate Abilities, Weirdness & Mutations

You have an increased reservoir of magic. (+10% MP)
You shall have no god before yourself.
Your divine heritage dramatically boosts your attributes as you level up.


Message History

The orc priest hits you with a +0 hand axe.
The orc priest hits you but does no damage.
Aiming: Sandblast (safe; 2% risk of failure)
Press: ? - help, Q - select action, (/) - cycle Shift-Dir - straight line, f/p - orc priest
Aim: an orc priest, wielding a +0 hand axe and wearing a +0 ring mail (heavily wounded, 85% to hit)
The blast of sand hits the orc priest but does no damage.
The orc priest is heavily wounded.
The orc priest misses you.
Aiming: Sandblast (safe; 2% risk of failure)
Press: ? - help, Q - select action, (/) - cycle Shift-Dir - straight line, f/p - orc priest
Aim: an orc priest, wielding a +0 hand axe and wearing a +0 ring mail (heavily wounded, 85% to hit)
You miscast Sandblast.
You are very lightly contaminated with residual magic.
Nothing appears to happen.
The orc priest hits you with a +0 hand axe.
Aiming: Sandblast (safe; 2% risk of failure)
Press: ? - help, Q - select action, (/) - cycle Shift-Dir - straight line, f/p - orc priest
Aim: an orc priest, wielding a +0 hand axe and wearing a +0 ring mail (heavily wounded, 85% to hit)
The blast of sand hits the orc priest.
The orc priest is heavily wounded.
The orc priest hits you but does no damage.
The orc priest invokes the aid of Beogh against you.
Beogh smites you!
* * * LOW HITPOINT WARNING * * *
Aiming: Sandblast (safe; 2% risk of failure)
Press: ? - help, Q - select action, (/) - cycle Shift-Dir - straight line, f/p - orc priest
Aim: an orc priest, wielding a +0 hand axe and wearing a +0 ring mail (heavily wounded, 85% to hit)
The blast of sand misses the orc priest.
The orc priest misses you.
You don't have enough magic to cast this spell.
Unknown command.
Unknown command.
Okay, then.
You hit the orc priest.
The orc priest is severely wounded.
The orc priest closely misses you.
You closely miss the orc priest.
The orc priest is severely wounded.
The orc priest hits you with a +0 hand axe.
You die...

##### ####### ...# #.....# .
#.###.....# #.. #.........#
.....###.###.....# #...))o@.#
#.....# ##.####### ###.### #.#
#.# #### . #+## ##.# #... #
##...## #..# #... ### ##.....##
##.## #... #.## ##.......## ##..#
#...
...####.........####...#######...


You could see an orc priest.

Vanquished Creatures
  2 orc wizards (D:3)
  5 adders
  3 dart slugs (D:2)
  A worm (D:3)
  9 orcs (D:3)
  6 ball pythons
  8 endoplasms
  A giant cockroach (D:3)
  7 goblins
  6 hobgoblins
  12 jackals
  8 kobolds
  5 quokkas
  3 frilled lizards
  2 rats
78 creatures vanquished.

Notes
Turn   | Place    | Note
-------+----------+-------------------------------------------
     0 | D:1      | horus123 the Demigod Earth Elementalist began the quest for
                  | the Orb.
     0 | D:1      | Reached XP level 1. HP: 14/14 MP: 5/5
   174 | D:1      | Reached XP level 2. HP: 20/20 MP: 2/8
   725 | D:2      | Reached skill level 1 in Transmutations
   725 | D:2      | Reached XP level 3. HP: 26/26 MP: 7/10
   732 | D:2      | Learned a level 3 spell: Stone Arrow
   734 | D:2      | Learned a level 1 spell: Sting
   737 | D:2      | Learned a level 2 spell: Poisonous Vapours
  1283 | D:2      | Reached XP level 4. HP: 33/33 MP: 5/11
  1813 | D:2      | Identified a scroll of acquirement
  1813 | D:2      | Acquired a book of Flames
  2411 | D:3      | Reached skill level 3 in Earth Magic
  2433 | D:3      | Reached XP level 5. HP: 9/38 MP: 12/12
  2757 | D:3      | Reached skill level 4 in Earth Magic
  2767 | D:3      | Slain by an orc priest

Illustrated notes

Levels and vault maps discovered:
D:1:      lemuel_arrival_hallway, layout_rooms
D:2:      layout_loops_ring, minmay_misc_feat_hallway
D:3:      layout_loops_corners, kennysheep_generic_room_7

Skill      XL: |  1  2  3  4  5 |
---------------+----------------+-----
Spellcasting   | 2 3 |  3.0
Transmutations | 1 2 3 |  3.0
Earth Magic    | 3 4 |  4.0
Dodging        | |  1.7
Stealth        | |  1.7

Action                     |  1- 3 |  4- 6 || total
---------------------------+-------+-------++-------
  Melee: Rapier            |       |    15 ||    15
   Cast: Sandblast         |    66 |    68 ||   134
    Use: Scroll            |       |     7 ||     7
         Potion            |       |     1 ||     1
   Stab: Sleeping          |       |     1 ||     1
 Armour: Robe              |    16 |    24 ||    40
  Dodge: Dodged            |     8 |    21 ||    29

Table legend: (Time is in decaauts)
 A = Elapsed time spent in this place.
 B = Non-inter-level travel time spent in this place.
 C = Inter-level travel time spent in this place.
 D = Time resting spent in this place.
 E = Time spent auto-exploring this place.
 F = Levels seen in this place.
 G = Mean time per level.
                   A        B        C        D        E       F      G
               +--------+--------+--------+--------+--------+-----+--------+
         Total |   2835 |   2789 |     46 |    186 |   2150 |   3 |  945.0 |
       Dungeon |   2835 |   2789 |     46 |    186 |   2150 |   3 |  945.0 |
               +--------+--------+--------+--------+--------+-----+--------+

Top non-repeatable levels by time:
     D:2: 1200 daAuts
     D:3: 896 daAuts
     D:1: 738 daAuts
